 Dungeon Crawl Stone Soup version 0.23-a0-860-g8ff03fb (webtiles) character file.

267 Aldia the Chopper (level 6, 0/55 HPs)
             Began as a Hill Orc Monk on Jan 27, 2019.
             Was a Believer of Beogh.
             Slain by Menkaure (16 damage)
             ... on level 4 of the Dungeon.
             The game lasted 00:07:34 (3507 turns).

Aldia the Chopper (Hill Orc Monk)                   Turns: 3507, Time: 00:07:35

Health: 0/55       AC: 10    Str: 16    XL:     6   Next: 21%
Magic:  7/7        EV:  8    Int: 10    God:    Beogh [**....]
Gold:   204        SH:  0    Dex: 13    Spells: 5/5 levels left

rFire    . . .     SeeInvis .   a - +1 hand axe
rCold    . . .     Gourm    .   (no shield)
rNeg     . . .     Faith    .   e - +0 chain mail
rPois    .         Spirit   .   (no helmet)
rElec    .         Reflect  .   (no cloak)
rCorr    .         Harm     .   p - +0 pair of gloves
MR       .....                  (no boots)
Stlth    ..........             (no amulet)
HPRegen  0.18/turn              (no ring)
MPRegen  0.10/turn              (no ring)

@: lethally poisoned (0 -> -5)
A: no striking features
a: Smiting, Renounce Religion


You were on level 4 of the Dungeon.
You worshipped Beogh.
Beogh was pleased with you.
You were not hungry.

You visited 1 branch of the dungeon, and saw 4 of its levels.

You collected 204 gold pieces.

Inventory:

Hand Weapons
 a - a +1 hand axe (weapon)
Armour
 b - a +0 robe
 d - a +0 ring mail
 e - a +0 chain mail (worn)
 p - a +0 pair of gloves (worn)
Jewellery
 f - an uncursed ring of fire {unknown}
 j - an uncursed ring of protection from magic {unknown}
Wands
 n - a wand of disintegration (11)
 q - a wand of digging (7)
Scrolls
 g - a scroll of fog
 k - 2 scrolls of identify
 m - 2 scrolls of teleportation
 r - a scroll of enchant armour {unknown}
Potions
 h - 3 potions of magic
 i - a potion of flight
 l - 2 potions of berserk rage {unknown}
 o - a potion of mutation {unknown}
Comestibles
 c - 5 rations


   Skills:
 + Level 4.8 Fighting
 * Level 6.4 Axes
 + Level 2.5 Armour
 - Level 3.0 Dodging
 - Level 1.5 Stealth
 + Level 2.0 Invocations


You had 5 spell levels left.
You didn't know any spells.
Your spell library was empty.

Dungeon Overview and Level Annotations

Branches:
Dungeon (4/15)
 Temple: D:4-7

Altars:
Qazlal
The Shining One

Annotations:
D:4 Menkaure


Message History

You hit the worker ant but do no damage.
The worker ant is heavily wounded.
You feel sick. The worker ant barely misses you.
Menkaure mumbles some strange words.
Menkaure seems to speed up.
You feel sick. The worker ant barely misses you.
Menkaure calls on the powers of darkness!
The worker ant convulses!
Your body is wracked with pain!
You feel sick.
You feel sick. Menkaure casts a spell at you. Pain shoots through your body!
You slash Menkaure!
Menkaure is moderately damaged.
You closely miss the worker ant.
You feel sick. Menkaure closely misses you. The worker ant closely misses you.
You closely miss Menkaure.
Menkaure is moderately damaged.
You hit the worker ant.
You feel sick. Menkaure hits you!
You die...

.....................
##............##.....#..
.............#####..##.#
.............## #...####
.............###..### .
#....#.....##......#
...##..#.....##.....##
#......M.=..##.....##
#...#....#.@a...###.....#
##.......###......##...###
#.........##.........###
###..........#...........#...
#.......#....................#
#)........................##
###.........................#
##.#.......##..................
............#............#.....


You could see Menkaure and a worker ant.

Vanquished Creatures
  A scorpion (D:4)
  An orc wizard (D:3)
  An orc priest (D:3)
  A worker ant (D:4)
  A hound zombie (D:2)
  A hound skeleton (D:4)
  2 adders
  An ooze (D:4)
  2 worms (D:2)
  A dart slug (D:1)
  3 leopard geckos
  5 orcs
  6 giant cockroaches
  5 goblins
  7 hobgoblins
  10 kobolds
  A quokka (D:4)
  9 bats
  9 frilled lizards
  7 rats
74 creatures vanquished.

Vanquished Creatures (others)
  A worm (D:3)
  A goblin (D:3)
2 creatures vanquished.

Grand Total: 76 creatures vanquished

Notes
Turn   | Place    | Note
-------+----------+-------------------------------------------
     0 | D:1      | Aldia the Hill Orc Monk began the quest for the Orb.
     0 | D:1      | Reached XP level 1. HP: 19/19 MP: 1/1
   253 | D:1      | Reached XP level 2. HP: 27/27 MP: 2/2
   457 | D:1      | Reached skill level 1 in Armour
   509 | D:1      | Reached XP level 3. HP: 27/33 MP: 3/3
   937 | D:2      | Reached skill level 5 in Axes
  1063 | D:2      | Found a glowing golden altar of the Shining One.
  1083 | D:2      | Reached XP level 4. HP: 39/40 MP: 4/4
  1525 | D:3      | Found a stormy altar of Qazlal.
  1530 | D:3      | Noticed Sigmund
  1551 | D:3      | Became a worshipper of Beogh the Brigand
  1551 | D:3      | Reached * piety under Beogh
  1551 | D:3      | Reached ** piety under Beogh
  1952 | D:3      | Found a faded altar of an unknown god.
  2205 | D:3      | Reached XP level 5. HP: 38/47 MP: 5/5
  2230 | D:3      | HP: 1/47 [orc priest/nerve-wracking pain (4)]
  2231 | D:3      | Reached skill level 1 in Invocations
  2660 | D:4      | Reached skill level 6 in Axes
  2669 | D:4      | Noticed Menkaure
  2971 | D:4      | Reached XP level 6. HP: 15/53 MP: 7/7
  3507 | D:4      | Slain by Menkaure

Vault maps used:
D:1:      dpeg_arrival_rooms_b, st_stairs_10
D:2:      nicolae_tso_carved_into_rock
D:3:      grunt_qazlal_sundering, first_ration,
          chequers_ecumenical_altar_simple_redux, minmay_distorted, uniq_sigmund
D:4:      minmay_overflow_temple_star_hex, uniq_menkaure, uniq_blork_the_orc

Skill      XL: |  1  2  3  4  5  6 |
---------------+-------------------+-----
Armour         | 1 2 |  2.5
Fighting       | 4 |  4.8
Axes           | 5 6 |  6.4
Dodging        | 3 |  3.0
Invocations    | 1 2 |  2.0
Stealth        | |  1.5

Action                   |  1- 3 |  4- 6 || total
-------------------------+-------+-------++-------
Melee: Hand axe          |   123 |   171 ||   294
Invok: Convert to Beogh  |       |     1 ||     1
  Use: Scroll            |     4 |     5 ||     9
       Potion            |       |     2 ||     2
 Stab: Sleeping          |     2 |     2 ||     4
  Eat: Chunk             |     1 |     4 ||     5
       Ration            |       |     1 ||     1
Armor: Robe              |     2 |       ||     2
       Ring mail         |    43 |    55 ||    98
       Chain mail        |       |     3 ||     3
Dodge: Dodged            |    76 |   101 ||   177

Table legend:
 A = Non-vault XP
 B = Vault XP
 C = Vault XP percentage of total XP
 D = Non-vault monster count
 E = Vault monster count
 F = Vault count percentage of total count
                 A         B        C        D         E       F
            +---------+---------+-------+---------+---------+-------
      Total |     375 |       7 |   1.8 |      70 |       4 |   5.4
            +---------+---------+-------+---------+---------+-------
        D:1 |      33 |       4 |  10.8 |      22 |       3 |  12.0
        D:2 |      80 |       0 |   0.0 |      25 |       0 |   0.0
        D:3 |     122 |       3 |   2.4 |      15 |       1 |   6.2
        D:4 |     140 |       0 |   0.0 |       8 |       0 |   0.0
            +---------+---------+-------+---------+---------+-------
